 Dungeon Crawl Stone Soup version 0.29-a0-857-g9b1aa3ac5b (webtiles) character file.

Game seed: 5141561586463240696

7 nxtlvl the Ducker (level 1, -1/13 HPs)
             Began as a Deep Elf Monk on July 16, 2022.
             Slain by a goblin
             ... wielding a +0 club
              (3 damage)
             ... on level 2 of the Dungeon.
             The game lasted 00:00:47 (147 turns).

nxtlvl the Ducker (Deep Elf Monk)                    Turns: 147, Time: 00:00:48

Health: -1/13      AC:  2    Str:  8    XL:     1   Next: 91%
Magic:  3/3        EV: 13    Int: 14    God:
Gold:   0          SH:  0    Dex: 17    Spells: 0/0 levels left

rFire   . . .      SeeInvis .   a - +0 short sword
rCold   . . .      Faith    .   (no shield)
rNeg    . . .      Spirit   .   b - +0 robe
rPois   .          Reflect  .   (no helmet)
rElec   .          Harm     .   (no cloak)
rCorr   .          Rampage  .   (no gloves)
Will    .....                   (no boots)
Stlth   ++........              (no amulet)
HPRegen 0.04/turn               (no ring)
MPRegen 0.08/turn               (no ring)

@: no status effects
A: no striking features
a: no special abilities


You were on level 2 of the Dungeon.
You visited 1 branch of the dungeon, and saw 2 of its levels.

Inventory:

Hand Weapons
 a - a +0 short sword (weapon)
Armour
 b - a +0 robe (worn)
Jewellery
 e - an amulet of guardian spirit
Scrolls
 f - 2 scrolls of identify {unknown}
Potions
 c - a potion of ambrosia
 d - a potion of curing {unknown}
 g - a potion of invisibility {unknown}
 h - a potion of heal wounds {unknown}


   Skills:
 - Level 2.4 Fighting
 * Level 3.5 Short Blades
 - Level 3.6 Dodging
 - Level 2.4 Stealth


You couldn't memorise any spells.
You didn't know any spells.
Your spell library was empty.

Dungeon Overview and Level Annotations

Branches:
Dungeon (2/15)

Altars:


Message History

You hit the endoplasm.
The endoplasm is lightly wounded.
The endoplasm closely misses you.
You hit the endoplasm.
The endoplasm is almost dead.
The endoplasm hits you.
You hit the endoplasm.
You kill the endoplasm!
g - a fuming silvery potion
Found a scroll labelled NYNLAU PAXE and an orange potion.
Found a scroll labelled BAFAONG VURIT.
A bat comes into view.
Found a leather armour.
You see here a scroll labelled NYNLAU PAXE.
f - 2 scrolls labelled NYNLAU PAXE (gained 1)
A goblin comes into view. It is wielding a +0 club.
You see here an orange potion.
h - an orange potion The goblin shouts!
The goblin unwields a +0 club.
The goblin wields a +0 sling.
The goblin shoots a sling bullet.
The sling bullet misses you.
Found 11 gold pieces.
The bat attacks as you move away! The bat barely misses you.
The bat hits you but does no damage. The bat misses you.
You completely miss the bat. The bat hits you but does no damage.
The bat closely misses you. The bat completely misses you.
You hit the bat.
You kill the bat!
The goblin shoots a sling bullet.
The sling bullet closely misses you.
You hear a shout!
The goblin unwields a +0 sling.
The goblin wields a +0 club.
The goblin hits you with a +0 club.
* * * LOW HITPOINT WARNING * * *
A kobold comes into view. It is wielding a +0 dagger.
You hit the goblin.
The goblin is heavily wounded.
The goblin hits you with a +0 club.
You die...

...... ## #....# . # #.
+.... #K #.#. #...
#..#.#. #.. #...... #.#
#.##...##.#######
#......@........#
#.....g###......# ######
.......[......$.###.....
#.......#.......#.......
#.#+#....#.#######.#....<
#......#.........†.......
............###.....#.##.
..#......#..##......#.##.
########..##......#.##.


You could see a goblin and a kobold.

Vanquished Creatures
  A bat (D:2)
  2 endoplasms (D:2)
  A giant cockroach (D:1)
  A goblin (D:2)
  A frilled lizard (D:2)
6 creatures vanquished.

Notes
Turn   | Place    | Note
-------+----------+-------------------------------------------
     0 | D:1      | nxtlvl the Deep Elf Monk began the quest for the Orb.
     0 | D:1      | Reached XP level 1. HP: 13/13 MP: 3/3
   147 | D:2      | Slain by a goblin

Illustrated notes

Levels and vault maps discovered:
D:1:      saegor_arrival_simple_a, layout_loops_ring,
          chequers_ecumenical_altar_island, nicolae_hexahallways
D:2:      layout_basic, minmay_crystal_room, st_stairs_10,
          uniq_crazy_yiuf_cottage

Action                   || total
-------------------------++-------
Melee: Short sword       ||    15
 Stab: Sleeping          ||     1
Armor: Robe              ||     2
Dodge: Dodged            ||     8

Table legend: (Time is in decaauts)
 A = Elapsed time spent in this place.
 B = Non-inter-level travel time spent in this place.
 C = Inter-level travel time spent in this place.
 D = Time resting spent in this place.
 E = Time spent auto-exploring this place.
 F = Levels seen in this place.
 G = Mean time per level.
                   A        B        C        D        E       F      G
               +--------+--------+--------+--------+--------+-----+--------+
         Total |    145 |    145 |      0 |      0 |     49 |   2 |   72.5 |
       Dungeon |    145 |    145 |      0 |      0 |     49 |   2 |   72.5 |
               +--------+--------+--------+--------+--------+-----+--------+

Top non-repeatable levels by time:
     D:1: 79 daAuts
     D:2: 65 daAuts
